 Seeded DCSS version 0.32-a0-953-g508020473e (webtiles) character file.

Game seed: 202404163 (custom seed)

34 Orlauf the Slasher (level 3, -8/28 HPs)
             Began as a Demonspawn Gladiator on Apr 16, 2024.
             Killed by nerve-wracking pain
             ... invoked by an orc priest
              (12 damage)
             ... on level 3 of the Dungeon.
             The game lasted 00:02:08 (1735 turns).

Orlauf the Slasher (Demonspawn Gladiator)           Turns: 1735, Time: 00:02:08

Health: -8/28      AC: 16    Str: 16    XL:     3   Next: 14%
Magic:  3/3        EV:  4    Int:  8    God:
Gold:   63         SH:  0    Dex: 14    Spells: 2/2 levels left

rFire   . . .        a - +0 long sword
rCold   . . .        (no shield)
rNeg    . . .        f - +0 plate armour
rPois   .            c - +1 helmet
rElec   .            (no cloak)
rCorr   .            (no gloves)
SInv    +            (no boots)
Will    .....        (no amulet) Stlth
                     i - ring of see invisible
HPRegen 0.24/turn    k - +4 ring of protection
MPRegen 0.08/turn

%: no passive effects
@: wreathed by umbra
A: powered by pain 1, foul shadow 1
a: Convert to Beogh


You were on level 3 of the Dungeon.
You visited 1 branch of the dungeon, and saw 3 of its levels.

You collected 103 gold pieces.
You spent 40 gold pieces at shops.

Inventory:

Hand Weapons
 a - a +0 long sword (weapon)
 b - a +0 short sword
Missiles
 d - 3 throwing nets (quivered)
 e - a javelin
Armour
 c - a +1 helmet (worn)
 f - a +0 plate armour (worn)
Jewellery
 i - a ring of see invisible (left hand)
 k - a +4 ring of protection (right hand)
Scrolls
 g - a scroll of fear
 h - 3 scrolls of identify
Potions
 j - 2 potions of haste
 l - a potion of mutation {unknown}


   Skills:
 + Level 2.6 Fighting
 * Level 3.5 Long Blades
 - Level 1.7 Throwing
 - Level 2.6 Dodging


You had 2 spell levels left.
You didn't know any spells.
Your spell library was empty.

Dungeon Overview and Level Annotations

Branches:
Dungeon (3/15)

Altars:
Cheibriados

Shops:
D:1 *


Innate Abilities, Weirdness & Mutations

You sometimes gain a little power by taking damage.
You are faintly shadowed, very rarely releasing foul flame when damaged in melee.


Message History

The orc priest hits you but does no damage.
You closely miss the orc priest. The orc priest completely misses you.
You barely miss the orc priest.
The orc priest hits you but does no damage.
You closely miss the orc priest.
The orc priest mumbles some strange prayers to Beogh against you.
Beogh smites you!
The orc priest shouts, "The Pantheon deserves no one's loyalty.
Let us show you the true path!" (press Y on the ability menu to convert to Beogh)
You slash the orc priest!
The orc priest is heavily wounded.
The orc priest hits you with a +0 club.
You closely miss the orc priest.
The orc priest shouts, "Beogh offers mercy even to people such as you.
Join us and be reborn!"
The orc priest is heavily wounded.
The orc priest hits you but does no damage.
The orc priest hits you with a +0 club.
You closely miss the orc priest.
The orc priest is heavily wounded.
The orc priest shouts, "Beogh offers mercy even to people such as you.
Join us and be reborn!"
The orc priest hits you but does no damage.
You hit the orc priest.
The orc priest is severely wounded.
The orc priest hits you but does no damage.
You hit the orc priest.
The orc priest is almost dead.
The orc priest hits you but does no damage.
You barely miss the orc priest.
The orc priest is almost dead.
The orc priest miscasts a cantrip.
You closely miss the orc priest.
The orc priest is almost dead.
The orc priest mumbles some strange prayers to Beogh against you.
Beogh smites you!
* * * LOW HITPOINT WARNING * * *
The orc hits you with a +0 club.
* * * LOW HITPOINT WARNING * * *
The orc priest calls down the wrath of Beogh upon you.
Pain shoots through your body!
You die...

.. ....)....# .##.
#.......#
....###.......##
....(.......... #
#.........# ..
...##.........# ...
..............######..
....#oo.#..........# .
#@..#...#......#
#...###.....<..#
#..............# #.
#..#####.#.....# #.#
#..# ###.....# #...
#..# #.....# #..
#..#######.....# #$o
##......>.....###
..#######...........<.#


You could see an orc priest and an orc.

Vanquished Creatures
  A dart slug (D:1)
  A ribbon worm (D:2)
  2 endoplasms (D:1)
  2 giant cockroaches
  5 goblins
  2 hobgoblins
  A quokka (D:1)
  3 ball pythons
  4 bats (D:2)
  A frilled lizard (D:1)
  4 kobolds
  5 rats
31 creatures vanquished.

Notes
Turn   | Place    | Note
-------+----------+-------------------------------------------
     0 | D:1      | Orlauf the Demonspawn Gladiator began the quest for the
                  | Orb.
     0 | D:1      | Reached XP level 1. HP: 16/16 MP: 1/1
   155 | D:1      | Reached skill level 3 in Long Blades
   285 | D:1      | Gained mutation: You sometimes gain a little power by
                  | taking damage. [demonic ancestry]
   285 | D:1      | Reached XP level 2. HP: 22/22 MP: 2/2
   681 | D:1      | Found Kuiviz's Assorted Antiques.
   688 | D:1      | Bought a scroll labelled DONOCA LUUM for 20 gold pieces
   688 | D:1      | Bought a scroll labelled DONOCA LUUM for 20 gold pieces
   877 | D:2      | Found a snail-covered altar of Cheibriados.
  1318 | D:2      | Gained mutation: You are faintly shadowed, very rarely
                  | releasing foul flame when damaged in melee. [demonic
                  | ancestry]
  1318 | D:2      | Reached XP level 3. HP: 27/28 MP: 3/3
  1735 | D:3      | Killed from afar by an orc priest

Illustrated notes

Levels and vault maps discovered:
D:1:      spicycebolla_green_bress_n_ham_2, layout_basic, serial_shops,
          nicolae_diamond_shop
D:2:      layout_loops_corners, basic_altar, nicolae_the_louvre
D:3:      cheibrodos_pilgrimage, layout_rooms, mainiacjoe_overflow_chevrons,
          serial_curves, eino_curves_01, eino_curves_01, kennysheep_cross_room,
          uniq_natasha

Skill      XL: |  1 |
---------------+----+-----
Long Blades    | 3 |  3.5
Fighting       | |  2.6
Throwing       | |  1.7
Dodging        | |  2.6

Action                     || total
---------------------------++-------
  Melee: Long sword        ||   118
    Use: Scroll            ||     4
   Stab: Sleeping          ||     2
 Armour: Leather armour    ||     9
         Plate armour      ||   134
         Ring mail         ||     2
  Dodge: Dodged            ||    36

Table legend: (Time is in decaauts)
 A = Elapsed time spent in this place.
 B = Non-inter-level travel time spent in this place.
 C = Inter-level travel time spent in this place.
 D = Time resting spent in this place.
 E = Time spent auto-exploring this place.
 F = Levels seen in this place.
 G = Mean time per level.
                   A        B        C        D        E       F      G
               +--------+--------+--------+--------+--------+-----+--------+
         Total |   1763 |   1703 |     60 |      2 |   1367 |   3 |  587.7 |
       Dungeon |   1763 |   1703 |     60 |      2 |   1367 |   3 |  587.7 |
               +--------+--------+--------+--------+--------+-----+--------+

Top non-repeatable levels by time:
     D:2: 889 daAuts
     D:1: 825 daAuts
     D:3: 48 daAuts
